 Dungeon Crawl Stone Soup version 0.30-a0-920-g7493c07aab (webtiles) character file.

Game seed: 3171329405063813063

5439 avis the Martial Artist (level 10, -5/78 HPs)
             Began as a Demigod Warper on Mar 21, 2023.
             Slain by a human
             ... wielding a +0 war axe
              (10 damage)
             ... in a bailey on Mar 22, 2023.
             The game lasted 01:17:09 (10535 turns).

avis the Martial Artist (Demigod Warper)           Turns: 10535, Time: 01:17:09

Health: -5/78      AC:  2    Str: 16    XL:     10   Next: 18%
Magic:  17/17      EV: 35    Int: 19    God:
Gold:   158        SH:  0    Dex: 22    Spells: 3/15 levels left

rFire   . . .      SeeInvis .      - Unarmed
rCold   . . .      Faith    .    (shield currently unavailable)
rNeg    + . .      Spirit   .    e - melded +3 leather armour
rPois   x          Reflect  .    (helmet currently unavailable)
rElec   .          Rampage  .    u - melded scarf {rC+ rF+}
rCorr   .                        m - melded +0 pair of gloves
Will    +....                    (boots currently unavailable)
Stlth   ++                       V - amulet of the acrobat
HPRegen 0.33/turn                r - ring of positive energy
MPRegen 0.15/turn                h - ring of flight

@: spider-form (expiring), acrobatic, flying
A: venomous fangs, tiny, high MP 1, forlorn, divine attributes
a: End Transformation


You were in a bailey.
You were a venomous arachnid creature.
You visited 2 branches of the dungeon, and saw 9 of its levels.
You also visited: Bailey.

You collected 473 gold pieces.
You spent 315 gold pieces at shops.

Inventory:

Hand Weapons
 a - the +6 shillelagh "Devastator" {shatter}
   (You found it on level 4 of the Dungeon)
 b - a +2 spear of venom
 l - a +4 heavy dire flail
 w - a +1 mace of holy wrath
 I - a +1 flail of draining
 M - a +0 whip of flaming
 O - a +3 falchion
 P - a +1 dagger of draining
 R - a +3 scimitar
 S - a +5 morningstar
 T - a +3 war axe of freezing
 Z - a +0 heavy hand axe
Missiles
 c - 7 boomerangs of dispersal (quivered)
 D - 4 datura-tipped darts
 F - 9 poisoned darts
 X - 2 boomerangs
Armour
 e - a +3 leather armour (melded)
 m - a +0 pair of gloves (melded)
 u - a scarf of resistance (melded)
 v - a +4 chain mail of poison resistance
 Y - a +2 leather armour of poison resistance
Jewellery
 h - a ring of flight (right front pincers)
 q - an amulet of guardian spirit
 r - a ring of positive energy (left front pincers)
 V - an amulet of the acrobat (around neck)
Wands
 z - a wand of iceblast (8)
 G - a wand of flame (16)
Scrolls
 i - 4 scrolls of noise {unknown}
 k - 4 scrolls of enchant weapon {unknown}
 o - a scroll of fog {unknown}
 t - 2 scrolls of vulnerability {unknown}
 y - 4 scrolls of poison {unknown}
 A - 3 scrolls of teleportation
 B - 2 scrolls of magic mapping
 C - 7 scrolls of enchant armour {unknown}
 E - 4 scrolls of blinking
 H - a scroll of fear
 J - a scroll of summoning
 K - a scroll of amnesia
 L - a scroll of immolation {unknown}
 W - 2 scrolls of identify
Potions
 d - 5 potions of lignification
 f - 2 potions of flight
 g - 2 potions of mutation
 j - 2 potions of cancellation
 n - 2 potions of ambrosia
 p - 6 potions of curing
 s - 2 potions of magic
 x - a potion of heal wounds
 N - a potion of haste {unknown}


   Skills:
 - Level 4.0 Fighting
 - Level 0.8 Throwing
 - Level 1.0 Armour
 * Level 2.2 Dodging
 - Level 12.0 Unarmed Combat
 - Level 3.0 Spellcasting
 - Level 3.0 Translocations
 - Level 4.0 Transmutations
 - Level 4.0 Ice Magic
 - Level 1.0 Air Magic
 - Level 1.0 Poison Magic


You had 3 spell levels left.
You knew the following spells:

 Your Spells              Type           Power      Damage    Failure   Level
b - Blink                 Tloc           28%        N/A       19%         2
e - Vhi's Electric Charg  Tloc/Air       20%        N/A       41%         3
p - Spider Form           Tmut/Pois      12%        N/A       34%         3
q - Ice Form              Ice/Tmut       18%        N/A       50%         4

Your spell library contained the following spells:

 Spells                   Type           Power      Damage    Failure   Level
 Lesser Beckoning         Tloc           28%        N/A       19%         2
 Ensorcelled Hibernation  Hex/Ice        20%        N/A       24%         2
 Teleport Other           Tloc           14%        N/A       30%         3
 Poisonous Vapours        Pois/Air       12%        N/A       34%         2
 Cigotuvi's Dreadful Rot  Necr/Pois/Air  10%        N/A       38%         2
 Hailstorm                Conj/Ice       10%        3d5       41%         3
 Mephitic Cloud           Conj/Pois/Air  5%         N/A       56%         3
 Manifold Assault         Tloc           14%        N/A       63%         4
 Anguish                  Hex/Necr       1%         N/A       94%         4
 Yara's Violent Unravell  Hex/Tmut       5%         3d4       96%         5
 Conjure Ball Lightning   Conj/Air       2%         3x3d6     100%        6
 Simulacrum               Ice/Necr       5%         N/A       100%        6
 Enfeeble                 Hex            1%         N/A       100%        7
 Storm Form               Tmut/Air       6%         N/A       100%        7
 Discord                  Hex            1%         N/A       100%        8
 Disjunction              Tloc           7%         N/A       100%        8


Dungeon Overview and Level Annotations

Branches:
Dungeon (8/15)             Temple (1/1) D:4          Bailey (1/1)
   Lair: D:8-11


Innate Abilities, Weirdness & Mutations

You are a venomous arachnid creature.
You have venomous fangs.
You are tiny and dextrous.
Your spellcasting is less reliable in this form.
Your armour is entirely melded.
You are incapable of wielding weapons or throwing items.
You have an increased reservoir of magic. (+10% MP)
You shall have no god before yourself.
Your divine heritage dramatically boosts your attributes as you level up.


Message History

The bullfrog releases a deep croak.
The bullfrog completely misses you. The bullfrog hits you!
The bullfrog closely misses you. The bullfrog hits you.
You bite the bullfrog!
You kill the bullfrog!
The bullfrog hits you. The bullfrog barely misses you.
You maul the bullfrog!!
The bullfrog looks as sick as possible!
The bullfrog is almost dead.
You kill the bullfrog!
The bullfrog misses you.
Training target 12.0 for Unarmed Combat reached!
Your Unarmed Combat skill increases to level 12!
You need to enable at least one skill for training.
You bite the bullfrog!
You kill the bullfrog!
The human closely misses you.
You hit the human but do no damage.
The human is poisoned.
The human closely misses you.
Unknown command.
You bite the human!
The human looks even sicker.
The human is heavily wounded.
The human closely misses you.
You barely miss the human.
The human is heavily wounded.
You barely miss the human.
The human is heavily wounded.
Your transformation is almost over.
The human hits you with a +0 war axe!
You hit the human.
The human looks as sick as possible!
The human is heavily wounded.
The human hits you with a +0 war axe!
* * * LOW HITPOINT WARNING * * *
You bite the human!
The human looks as sick as possible!
The human is almost dead.
The human hits you with a +0 war axe.
* * * LOW HITPOINT WARNING * * *
The human attacks as you move away! The human hits you with a +0 war axe!
* * * LOW HITPOINT WARNING * * *
The human attacks as you move away! The human hits you with a +0 war axe!
You die...

~~...~≈#
~~..~≈#
≈~.~≈#
#≈.~≈##
####≈..~≈
+..#≈.F~
##..###g###
#...#.†p†.#
#...#..s..#
#...####..#
#....#....#
#+#)#......##
##.))##....##
#.....######
#.∩.∩.#
#.....#
##...##


You could see a human (extremely poisoned), a bullfrog and a goblin.

Vanquished Creatures
  Pikel (D:6)
  4 humans (Bailey)
  A steam dragon (D:7)
  Edmund (D:5)
  A water moccasin (D:5)
  3 sky beasts
  3 ice beasts
  An orc warrior (D:5)
  6 ogres
  A black bear (D:7)
  A lemure (D:6)
  2 phantoms (D:5)
  2 wyvern zombies (D:6)
  9 bullfrogs
  8 wights
  6 scorpions (D:5)
  4 howler monkeys (D:7)
  A centaur zombie (D:6)
  3 bullfrog zombies (D:6)
  3 hounds
  A gnoll bouda (D:7)
  6 orc priests
  A sleepcap (D:5)
  Jessica (D:2)
  Natasha (thrice) (D:2)
  6 iguanas
  7 orc wizards
  A howler monkey zombie (D:6)
  7 gnolls
  4 adders
  2 shadow imps
  An ufetubus (D:6)
  2 worms
  6 dart slugs
  34 orcs
  5 bats
  3 endoplasms
  3 giant cockroaches
  7 goblins
  9 hobgoblins
  4 quokkas
  7 ball pythons
  5 frilled lizards
  6 kobolds
  5 rats
197 creatures vanquished.

Vanquished Creatures (others)
  An orc wizard (D:5)
  6 fungi (D:6)
  3 plants (D:6)
10 creatures vanquished.

Grand Total: 207 creatures vanquished

Notes
Turn   | Place    | Note
-------+----------+-------------------------------------------
     0 | D:1      | avis the Demigod Warper began the quest for the Orb.
     0 | D:1      | Reached XP level 1. HP: 17/17 MP: 5/5
   126 | D:1      | Reached skill level 2 in Unarmed Combat
   279 | D:1      | Reached XP level 2. HP: 19/24 MP: 7/7
  1193 | D:2      | Learned a level 2 spell: Blink
  1381 | D:2      | Noticed Jessica
  1403 | D:2      | Reached skill level 3 in Unarmed Combat
  1403 | D:2      | Reached skill level 1 in Armour
  1403 | D:2      | Reached XP level 3. HP: 16/29 MP: 8/8
  1420 | D:2      | Killed Jessica
  1645 | D:2      | Noticed Natasha
  1660 | D:2      | Killed Natasha
  1661 | D:2      | Reached skill level 4 in Unarmed Combat
  1661 | D:2      | Reached XP level 4. HP: 16/36 MP: 3/9
  1854 | D:2      | Noticed Natasha
  1864 | D:2      | Killed Natasha
  2053 | D:2      | Noticed Natasha
  2071 | D:2      | Killed Natasha
  2242 | D:3      | Learned a level 3 spell: Vhi's Electric Charge
  2285 | D:3      | Reached XP level 5. HP: 40/41 MP: 8/10
  2411 | D:3      | Learned a level 3 spell: Spider Form
  2879 | D:4      | Found Denoh's Magic Scroll Emporium.
  2952 | D:4      | Noticed an ogre
  2956 | D:4      | Noticed an ogre
  2987 | D:4      | Killed an ogre
  2988 | D:4      | Reached skill level 5 in Unarmed Combat
  3743 | D:4      | Killed an ogre
  3744 | D:4      | Reached XP level 6. HP: 21/48 MP: 4/11
  4167 | D:4      | Reached skill level 6 in Unarmed Combat
  4397 | D:4      | Found the +6 shillelagh "Devastator" {shatter}
  4481 | D:4      | Found a staircase to the Ecumenical Temple.
  4900 | D:4      | Bought a scroll of magic mapping for 105 gold pieces
  4900 | D:4      | Bought a scroll of teleportation for 42 gold pieces
  4900 | D:4      | Bought a scroll of identify for 28 gold pieces
  4900 | D:4      | Bought a scroll of fear for 56 gold pieces
  4933 | Temple   | Entered the Ecumenical Temple
  4992 | D:5      | Entered Level 5 of the Dungeon
  5071 | D:5      | Reached skill level 1 in Transmutations
  5082 | D:5      | Reached skill level 1 in Poison Magic
  5082 | D:5      | Reached skill level 1 in Air Magic
  5441 | D:5      | Reached XP level 7. HP: 54/57 MP: 7/13
  5873 | D:5      | Reached skill level 7 in Unarmed Combat
  5875 | D:5      | Noticed Edmund
  5961 | D:5      | Killed Edmund
  6729 | D:5      | Reached skill level 8 in Unarmed Combat
  6772 | D:5      | Reached XP level 8. HP: 54/63 MP: 9/14
  7202 | D:4      | Bought a scroll of amnesia for 56 gold pieces
  7270 | D:5      | Reached skill level 9 in Unarmed Combat
  7384 | D:4      | Bought a scroll of identify for 28 gold pieces
  7394 | D:5      | Learned a level 4 spell: Ice Form
  8240 | D:6      | Noticed Pikel
  8250 | D:6      | Killed Pikel
  8251 | D:6      | Reached skill level 10 in Unarmed Combat
  8251 | D:6      | Reached XP level 9. HP: 69/69 MP: 12/16
  9263 | D:7      | Reached skill level 11 in Unarmed Combat
  9288 | D:7      | Reached skill level 1 in Ice Magic
 10256 | D:8      | Found a flagged portal.
 10262 | Bailey   | Entered a bailey
 10317 | Bailey   | Reached XP level 10. HP: 44/78 MP: 14/17
 10527 | Bailey   | Reached skill level 12 in Unarmed Combat
 10535 | Bailey   | Slain by a human

Illustrated notes

Levels and vault maps discovered:
D:1:      moated_graveyard_arrival, layout_basic, hangedman_decor_opposing
D:2:      layout_loops_cross, basic_altar, uniq_natasha, uniq_jessica
D:3:      layout_loops_ring, general_overflow_altar
D:4:      layout_gridville, mainiacjoe_overflow_big_doors,
          minmay_temple_entry_purple_smoke, serial_shops, nicolae_stop_n_shop_2,
          minmay_misc_feat_columns, dilly_guarded_unrand_devastator
D:5:      minmay_opposing_rooms, layout_basic, marbit_many_paths,
          grunt_ministairs_15, uniq_edmund
D:6:      layout_rooms, fedhas_altar_3, mainiacjoe_overflow_tiny_flanked,
          nicolae_yredelemnul_corpse_copse, serial_co_window_serial,
          co_window_cross_1, co_window_paths_b, co_window_cross_1,
          co_window_corner_a, co_window_corner_a, co_window_paths_b,
          co_window_paths_c, co_window_corner_b, co_window_cross_2,
          co_window_4corner_a, glass_columns_a, glass_columns_c,
          glass_columns_c, glass_columns_b, uniq_pikel
D:7:      layout_rooms, mainiacjoe_overflow_surrounded_room,
          nemelex_diamond_rough_becter
D:8:      minmay_quarter_circles, layout_rooms, enter_bailey_3
Temple:   hellmonk_temple_rainy
Bailey:   bailey_axe_froggy_fort_hellmonk, bailey

Skill      XL: |  1  2  3  4  5  6  7  8  9 10 |
---------------+-------------------------------+-----
Fighting       | 2 3 4 |  4.0
Unarmed Combat | 2 3 4 5 6 8 10 11 12 | 12.0
Dodging        | 2 |  2.2
Armour         | 1 |  1.0
Spellcasting   | 2 3 |  3.0
Translocations | 3 |  3.0
Transmutations | 1 2 4 |  4.0
Poison Magic   | 1 |  1.0
Air Magic      | 1 |  1.0
Ice Magic      | 4 |  4.0
Throwing       | |  0.8

Action                     |  1- 3 |  4- 6 |  7- 9 | 10-12 || total
---------------------------+-------+-------+-------+-------++-------
  Melee: Unarmed           |   168 |   161 |   367 |    39 ||   735
         Punch             |     3 |     4 |     3 |       ||    10
  Throw: Dart              |       |     4 |       |       ||     4
   Cast: Spider Form       |       |    10 |    44 |     1 ||    55
         Vhi's Electric Ch |       |       |     2 |       ||     2
         Ice Form          |       |       |     2 |       ||     2
    Use: Scroll            |       |     4 |     6 |       ||    10
         Potion            |       |       |     1 |       ||     1
   Stab: Sleeping          |       |     4 |     2 |       ||     6
         Distracted        |       |     1 |       |       ||     1
 Armour: Leather armour    |    49 |    31 |    27 |       ||   107
         Skin              |       |       |    14 |     4 ||    18
  Dodge: Dodged            |    87 |    90 |   230 |    39 ||   446

Table legend: (Time is in decaauts)
 A = Elapsed time spent in this place.
 B = Non-inter-level travel time spent in this place.
 C = Inter-level travel time spent in this place.
 D = Time resting spent in this place.
 E = Time spent auto-exploring this place.
 F = Levels seen in this place.
 G = Mean time per level.
                   A        B        C        D        E       F      G
               +--------+--------+--------+--------+--------+-----+--------+
         Total |  10470 |   9439 |   1031 |   3421 |   3355 |  10 | 1047.0 |
       Dungeon |  10196 |   9165 |   1031 |   3245 |   3355 |   8 | 1274.5 |
        Temple |     11 |     11 |      0 |      0 |      0 |   1 |   11.0 |
        Bailey |    261 |    261 |      0 |    176 |      0 |   1 |  261.0 |
               +--------+--------+--------+--------+--------+-----+--------+

Top non-repeatable levels by time:
     D:5: 2345 daAuts
     D:3: 1861 daAuts
     D:6: 1822 daAuts
     D:4: 1391 daAuts
     D:2: 1147 daAuts
     D:1: 954 daAuts
     D:7: 498 daAuts
  Bailey: 261 daAuts
     D:8: 174 daAuts
  Temple: 11 daAuts
